 Dungeon Crawl Stone Soup version 0.21-a0-94-gdd6ab6a (webtiles) character file.

15856 Ordine the Covert (level 12, -3/68 HPs)
             Began as a Deep Elf Wizard on July 3, 2017.
             Was an Elder of Vehumet.
             Slain by a troll (15 damage)
             ... on level 10 of the Dungeon.
             The game lasted 00:59:21 (15842 turns).

Ordine the Covert (Deep Elf Wizard)                Turns: 15842, Time: 00:59:21

Health: -3/68      AC: 11    Str:  9    XL:     12   Next: 4%
Magic:  2/23       EV: 18    Int: 33    God:    Vehumet [****..]
Gold:   258        SH:  5    Dex: 15    Spells: 9/23 levels left

rFire    . . .     SeeInvis +   r - +1 rapier of Qieshul {flame, +Blink Str+2 Int+4}
rCold    . . .     Gourm    .   C - +0 buckler
rNeg     + . .     Faith    .   g - +0 robe of Salvation {rN+ SInv}
rPois    +         Spirit   .   s - +2 helmet of the Morning {*Drain rElec rPois Str+3}
rElec    +         Reflect  .   f - +0 cloak {+Inv}
rCorr    .         Harm     .   l - +1 pair of gloves
MR       +....                  (no boots)
Stlth    ++++......             (no amulet)
HPRegen  0.21/turn              w - +2 ring of dexterity
MPRegen  0.18/turn              B - +3 ring of protection

@: no status effects
A: no striking features
a: Renounce Religion, Evoke Blink, Evoke Invisibility


You were on level 10 of the Dungeon.
You worshipped Vehumet.
Vehumet was greatly pleased with you.
You were not hungry.

You visited 2 branches of the dungeon, and saw 12 of its levels.

You collected 564 gold pieces.
You spent 306 gold pieces at shops.

Inventory:

Hand Weapons
 r - the +1 rapier of Qieshul (weapon) {flame, +Blink Str+2 Int+4}
   (You found it on level 6 of the Dungeon)

   It has been specially enchanted to burn those struck by it, causing extra
   injury to most foes and up to half again as much damage against particularly
   susceptible opponents.
   It affects your strength (+2).
   It affects your intelligence (+4).
   It lets you blink.
Armour
 f - a +0 cloak of invisibility (worn)
 g - the +0 robe of Salvation (worn) {rN+ SInv}
   (You bought it in a shop on level 5 of the Dungeon)

   It protects you from negative energy.
   It lets you see invisible.
 l - a +1 pair of gloves (worn)
 s - the +2 helmet of the Morning (worn) {*Drain rElec rPois Str+3}
   (You took it off Robin on level 3 of the Dungeon)

   It affects your strength (+3).
   It insulates you from electricity.
   It protects you from poison.
   It causes draining when unequipped.
 C - a +0 buckler (worn)
Jewellery
 w - a +2 ring of dexterity (left hand)
 B - a +3 ring of protection (right hand)
 G - an uncursed ring of flight
Wands
 q - a wand of iceblast (3/15)
 y - a wand of digging (20/24)
Scrolls
 j - 3 scrolls of teleportation
 k - 2 scrolls of amnesia
 n - 5 scrolls of remove curse
 o - a scroll of torment
 u - 2 scrolls of blinking
 x - 2 scrolls of brand weapon
 z - a scroll of silence
 E - a scroll of recharging
Potions
 b - a potion of agility
 e - 2 potions of curing
 i - a potion of flight
 m - a potion of invisibility
 p - a potion of magic
 A - 2 potions of mutation
 D - a potion of lignification
 F - a potion of haste
 I - a potion of might {unknown}
 J - a potion of ambrosia
 K - 2 potions of heal wounds
Books
 c - a book of Minor Magic

   Spells                             Type                      Level
   a - Magic Dart                     Conjuration                  1
   b - Blink                          Translocation                2
   c - Call Imp                       Summoning                    2
   d - Slow                           Hexes                        2
   e - Conjure Flame                  Conjuration/Fire             3
   f - Mephitic Cloud                 Conjuration/Poison/Air       3
 H - a book of Maledictions

   Spells                             Type                      Level
   a - Corona                         Hexes                        1
   b - Ensorcelled Hibernation        Hexes/Ice                    2
   c - Confuse                        Hexes                        3
   d - Tukima's Dance                 Hexes                        3
   e - Dazzling Spray                 Conjuration/Hexes            3
Comestibles
 a - 7 royal jellies
 d - 3 bread rations
 h - 5 meat rations
 t - 5 chunks of flesh
 v - 15 fruits


   Skills:
 + Level 5.2 Fighting
 * Level 7.9 Short Blades
 - Level 4.0 Armour
 + Level 8.4 Dodging
 - Level 9.0 Stealth
 - Level 4.0 Shields
 - Level 6.0 Spellcasting
 - Level 7.0 Conjurations
   Level 1.1 Summonings
 - Level 4.0 Translocations
 - Level 4.0 Fire Magic
 - Level 4.0 Air Magic
 + Level 8.0 Evocations


You had 9 spell levels left.
You knew the following spells:

 Your Spells              Type           Power        Failure   Level  Hunger
a - Magic Dart            Conj           ####         1%          1    None
b - Blink                 Tloc           N/A          1%          2    None
c - Conjure Flame         Conj/Fire      #####...     1%          3    None
d - Mephitic Cloud        Conj/Pois/Air  ####....     1%          3    None
e - Searing Ray           Conj           ######       1%          2    None
f - Dazzling Spray        Conj/Hex       ####..       1%          3    None


Dungeon Overview and Level Annotations

Branches:
Dungeon (11/15)            Temple (1/1) D:5            Lair (0/6) D:9
    Orc (0/2) D:10

Altars:
Ashenzari
Cheibriados
Dithmenos
Elyvilon
Fedhas
Gozag
Hepliaklqana
Kikubaaqudgha
Makhleb
Nemelex Xobeh
Okawaru
Qazlal
Ru
Sif Muna
Trog
Uskayaw
Vehumet
Wu Jian
Xom
Yredelemnul
Zin
The Shining One

Shops:
D:5 ([}[   D:7 :*

Annotations:
D:11 Josephine


Message History

Aim: a troll (lightly wounded)
The spray of energy misses the troll.
Unknown command.
Casting: Dazzling Spray
Confirm with . or Enter, or press ? or * to list all spells.
Aiming: Searing Ray
Press: ? - help, Shift-Dir - straight line, f/p - troll
Aim: a troll (lightly wounded)
The searing ray hits the troll.
The troll is moderately wounded. (Press . to maintain the ray.)
The searing ray hits the troll.
The troll is heavily wounded.
The troll bites you!
* * * LOW HITPOINT WARNING * * *
The troll closely misses you. x2
The searing ray hits the troll.
The troll is severely wounded.
The troll bites you!
You die...

####### ##########
#.....# #.........
#@....# #.........
#T....# #.........
####.....###.........
#.........##....≈....
#.........##.....≈...
#.........##...≈≈≈...
#.........##...≈.....
#.........##...≈.....
####>..............[.


You could see a troll.

Vanquished Creatures
  A hydra (D:8)
  Erica (D:9)
  3 two-headed ogres
  The ghost of rexbael the Quickloader, a novice BaHu of Okawaru (D:6)
  2 trolls
  Grinder (D:4)
  2 dream sheep (D:8)
  5 hippogriffs
  4 wraiths
  18 yaks
  Eustachio (D:5)
  2 hungry ghosts
  Menkaure (D:6)
  Edmund (D:6)
  2 water moccasins
  An ice beast (D:10)
  3 orc warriors
  A black bear (D:6)
  3 phantoms
  4 sky beasts
  3 necrophages
  3 ogres
  11 centaurs
  A crocodile (D:8)
  6 big kobolds
  A gnoll sergeant (D:9)
  7 bullfrogs
  3 scorpions
  A water moccasin skeleton (D:8)
  5 killer bees (D:8)
  5 wights
  3 electric eels (D:10)
  4 howler monkeys
  6 crimson imps
  A jelly (D:9)
  Crazy Yiuf (D:2)
  9 orc priests
  2 bullfrog skeletons
  5 hounds
  16 orc wizards
  2 centaur skeletons
  9 worker ants
  A hound skeleton (D:8)
  A hound zombie (D:9)
  Robin (D:3)
  8 gnolls (D:9)
  14 adders
  A shadow imp (D:8)
  An ooze (D:7)
  An adder zombie (D:9)
  2 worms
  5 dart slugs (D:1)
  6 leopard geckos
  30 orcs
  5 giant cockroaches
  11 goblins
  12 hobgoblins
  13 jackals
  5 quokkas
  2 ball pythons (D:5)
  3 bats
  6 frilled lizards
  15 kobolds
  A leopard gecko zombie (D:8)
  6 rats
311 creatures vanquished.

Notes
Turn   | Place    | Note
-------+----------+-------------------------------------------
     0 | D:1      | Ordine the Deep Elf Wizard began the quest for the Orb.
     0 | D:1      | Reached XP level 1. HP: 10/10 MP: 7/7
   404 | D:1      | Reached XP level 2. HP: 9/15 MP: 0/9
   408 | D:1      | Learned a level 2 spell: Blink
   679 | D:1      | Reached skill level 3 in Stealth
  1158 | D:2      | Reached XP level 3. HP: 19/19 MP: 7/11
  1163 | D:2      | Learned a level 3 spell: Conjure Flame
  1167 | D:2      | Learned a level 3 spell: Mephitic Cloud
  1297 | D:2      | Found a faded altar of an unknown god.
  1865 | D:2      | Found a runed door.
  1869 | D:2      | Noticed Crazy Yiuf
  1902 | D:2      | Killed Crazy Yiuf
  1902 | D:2      | Reached skill level 5 in Spellcasting
  2164 | D:3      | Reached XP level 4. HP: 24/24 MP: 9/13
  2260 | D:3      | Noticed a centaur
  2277 | D:3      | Killed a centaur
  2277 | D:3      | Reached skill level 1 in Fire Magic
  2277 | D:3      | Reached skill level 1 in Air Magic
  2277 | D:3      | Reached XP level 5. HP: 26/28 MP: 2/14
  2482 | D:3      | Found a shattered altar of Ashenzari.
  2971 | D:3      | Reached skill level 4 in Stealth
  3498 | D:4      | Reached XP level 6. HP: 32/32 MP: 12/16
  3601 | D:4      | Noticed Robin
  3760 | D:3      | Killed Robin
  3763 | D:3      | Got a pitted helmet
  3777 | D:3      | Identified the +2 helmet of the Morning {*Drain rElec rPois Str+3} (You took it off Robin on level 3 of the Dungeon)
  4162 | D:4      | Noticed Grinder
  4172 | D:4      | Paralysed by Grinder for 4 turns
  4179 | D:4      | Killed Grinder
  4179 | D:4      | Reached XP level 7. HP: 36/36 MP: 7/18
  4409 | D:5      | Entered Level 5 of the Dungeon
  4417 | D:4      | Reached skill level 5 in Stealth
  4470 | D:5      | Noticed Eustachio
  4477 | D:5      | Found a staircase to the Ecumenical Temple.
  4486 | Temple   | Entered the Ecumenical Temple
  4505 | Temple   | Became a worshipper of Vehumet
  4780 | D:4      | Reached skill level 5 in Conjurations
  4934 | D:5      | Killed Eustachio
  4934 | D:5      | Reached skill level 1 in Short Blades
  5073 | D:5      | Reached XP level 8. HP: 39/41 MP: 0/19
  5383 | D:5      | Found a white marble altar of Elyvilon.
  5409 | D:5      | Found Faac Poc's Antique Armour Boutique.
  5414 | D:5      | Found Olefrebe's Armour Boutique.
  5414 | D:5      | Found Iptimeas's Weapon Boutique.
  5414 | D:5      | Found Muotox's Gadget Boutique.
  5439 | D:5      | Bought a heavily jewelled robe for 119 gold pieces
  5439 | D:5      | Identified the cursed +0 robe "Juunysch" {Dex+2} (You bought it in a shop on level 5 of the Dungeon)
  5447 | D:5      | Bought the cursed +0 robe of Salvation {rN+ SInv} for 157 gold pieces
  5812 | D:6      | Reached skill level 1 in Evocations
  5933 | D:6      | Found a stormy altar of Qazlal.
  6033 | D:6      | Noticed Edmund
  6056 | D:6      | Killed Edmund
  6132 | D:6      | Reached * piety under Vehumet
  6132 | D:6      | Offered knowledge of Sandblast by Vehumet.
  6265 | D:6      | Noticed rexbael's ghost (novice BaHu)
  6296 | D:6      | Killed rexbael's ghost
  6296 | D:6      | Reached skill level 1 in Armour
  6296 | D:6      | Reached XP level 9. HP: 45/45 MP: 4/20
  6636 | D:6      | Noticed Menkaure
  6645 | D:6      | Killed Menkaure
  6645 | D:6      | Reached skill level 1 in Fighting
  7225 | D:6      | Got a bloodstained rapier
  7226 | D:6      | Identified the +1 rapier of Qieshul {flame, +Blink Str+2 Int+4} (You found it on level 6 of the Dungeon)
  7561 | D:6      | Reached skill level 5 in Evocations
  7818 | D:6      | Reached skill level 6 in Stealth
  8300 | D:7      | Offered knowledge of Searing Ray by Vehumet.
  8495 | D:6      | Learned a level 2 spell: Searing Ray
  8512 | D:7      | Reached skill level 5 in Dodging
  8685 | D:7      | Reached ** piety under Vehumet
  8685 | D:7      | Reached XP level 10. HP: 38/54 MP: 17/21
  8728 | D:7      | Found Ibed's General Store.
  8765 | D:7      | Bought a scroll of identify for 30 gold pieces
  8772 | D:7      | Found Foez's Book Shop.
  9007 | D:8      | Reached skill level 5 in Short Blades
  9897 | D:8      | Reached skill level 7 in Stealth
 10070 | D:8      | Noticed a three-headed hydra
 10157 | D:8      | Killed a three-headed hydra
 10283 | D:8      | Offered knowledge of Inner Flame by Vehumet.
 10302 | D:9      | Found a staircase to the Lair.
 10639 | D:9      | Noticed a two-headed ogre
 10655 | D:9      | Killed a two-headed ogre
 10655 | D:9      | Reached skill level 1 in Shields
 10776 | D:9      | Noticed Erica
 10804 | D:9      | Killed Erica
 10804 | D:9      | Reached skill level 8 in Stealth
 10804 | D:9      | Reached XP level 11. HP: 48/61 MP: 3/22
 11166 | D:9      | Reached *** piety under Vehumet
 11362 | D:9      | Noticed a two-headed ogre
 11385 | D:9      | Killed a two-headed ogre
 11757 | D:9      | Learned a level 3 spell: Dazzling Spray
 12009 | D:10     | Entered Level 10 of the Dungeon
 12022 | D:9      | Offered knowledge of Stone Arrow by Vehumet.
 12776 | D:10     | Found a staircase to the Orcish Mines.
 13595 | D:10     | Noticed a two-headed ogre
 13650 | D:10     | Killed a two-headed ogre
 13650 | D:10     | Reached **** piety under Vehumet
 14124 | D:11     | Reached skill level 9 in Stealth
 14627 | D:11     | Noticed Josephine
 14628 | D:11     | Reached skill level 5 in Fighting
 14908 | D:10     | Offered knowledge of Olgreb's Toxic Radiance by Vehumet.
 15690 | D:10     | Reached XP level 12. HP: 37/68 MP: 10/23
 15842 | D:10     | Slain by a troll

Vault maps used:
D:1:      dpeg_arrival_shrine, grunt_decor_resistance
D:2:      chequers_ecumenical_altar_twisty, uniq_crazy_yiuf_cottage
D:3:      ashenzari_altar_1
D:4:      first_bread, uniq_robin, uniq_grinder
D:5:      minmay_temple_entry_glass, serial_bayou_ford_a,
          hangedman_abyss_or_decor_stagger, minmay_misc_feat_columns,
          minmay_shop_grid_forest, lemuel_statue_altar, uniq_eustachio
D:6:      grunt_qazlal_sundering, uniq_menkaure, uniq_edmund
D:7:      serial_shops, kennysheep_little_box, shop
D:8:      hangedman_ranch
D:9:      lair_entry_dummy, basic_loot_grate_trap, uniq_erica
D:10:     orc_0_dummy
D:11:     due_megacathedral, nicolae_trove_entry_free_sample, serial_shops,
          shop, uniq_josephine
Temple:   nicolae_temple_the_god_donut

Skill      XL: |  1  2  3  4  5  6  7  8  9 10 11 |
---------------+----------------------------------+-----
Stealth        | 3 4 5 6 8 9 |  9.0
Conjurations   | 2 3 4 5 7 |  7.0
Spellcasting   | 5 6 |  6.0
Translocations | 2 3 4 |  4.0
Fire Magic     | 1 2 3 4 |  4.0
Air Magic      | 1 2 3 4 |  4.0
Short Blades   | 1 3 4 6 7 |  7.9
Evocations     | 4 5 6 8 |  8.0
Armour         | 1 2 4 |  4.0
Dodging        | 3 5 6 8 |  8.4
Fighting       | 2 4 5 |  5.2
Shields        | 1 4 |  4.0
Summonings     | |  1.1

Action                   |  1- 3 |  4- 6 |  7- 9 | 10-12 || total
-------------------------+-------+-------+-------+-------++-------
Melee: Short sword       |     9 |     9 |       |       ||    18
       Unarmed           |     2 |       |       |       ||     2
       Dagger            |       |       |    22 |       ||    22
       Rapier            |       |       |     5 |    62 ||    67
 Cast: Magic Dart        |    73 |   182 |   414 |   321 ||   990
       Blink             |     3 |     1 |    11 |    12 ||    27
       Mephitic Cloud    |     1 |     2 |    12 |    14 ||    29
       Conjure Flame     |       |       |     1 |     5 ||     6
       Searing Ray       |       |       |     5 |    82 ||    87
       Dazzling Spray    |       |       |       |    91 ||    91
Evoke: Wand              |       |       |       |     1 ||     1
  Use: Scroll            |     9 |     4 |     6 |     5 ||    24
       Potion            |     3 |     3 |     2 |     2 ||    10
 Stab: Confused          |     1 |       |     3 |       ||     4
       Invisible         |       |       |       |     2 ||     2
  Eat: Chunk             |     2 |     8 |    13 |    17 ||    40
       Bread ration      |       |       |     1 |     1 ||     2
Armor: Robe              |     2 |    22 |    77 |    63 ||   164
       Skin              |       |       |     4 |    12 ||    16
Dodge: Dodged            |     7 |    30 |   183 |   202 ||   422
Block: Buckler           |       |       |       |    46 ||    46
